 Dungeon Crawl Stone Soup version 0.22-a0-608-g8a62e23 (webtiles) character file.

1185 Dietz the Poker (level 8, -1/54 HPs)
             Began as an Octopode Fighter on July 10, 2018.
             Slain by a sky beast (6 damage)
             ... on level 6 of the Dungeon.
             The game lasted 00:15:35 (4947 turns).

Dietz the Poker (Octopode Fighter)                  Turns: 4947, Time: 00:15:35

Health: -1/54      AC:  1    Str: 16    XL:     8   Next: 42%
Magic:  8/8        EV: 15    Int: 10    God:
Gold:   272        SH:  5    Dex: 13    Spells: 7/7 levels left

rFire    . . .     SeeInvis .   a - +0 trident
rCold    . . .     Gourm    .   B - +0 buckler
rNeg     . . .     Faith    .   (helmet restricted)
rPois    .         Spirit   .   (no amulet)
rElec    .         Reflect  .   (no ring)
rCorr    .         Harm     .   (no ring)
MR       .....                  (no ring)
Stlth    ++++......             (no ring)
HPRegen  0.18/turn              (no ring)
MPRegen  0.11/turn              (no ring)
                                (no ring)
                                (no ring)

@: no status effects
A: almost no armour, stealthy swim, amphibious, 8 rings, constrict 8, camouflage
1, gelatinous body 1
a: no special abilities


You were on level 6 of the Dungeon.
You were not hungry.

You visited 2 branches of the dungeon, and saw 7 of its levels.

You collected 272 gold pieces.

Inventory:

Hand Weapons
 a - a +0 trident (weapon)
Missiles
 e - 21 poisoned needles
 k - 94 sling bullets
 m - 101 stones (quivered)
 o - 3 tomahawks
Armour
 b - a +0 shield
 B - a +0 buckler (worn)
Jewellery
 A - an uncursed ring of flight {unknown}
 E - an uncursed ring of flight {unknown}
Wands
 w - a wand of random effects (22)
 x - a wand of digging (10)
 y - a wand of paralysis (7)
Scrolls
 f - 7 scrolls of identify {unknown}
 h - 5 scrolls of enchant weapon {unknown}
 i - 3 scrolls of teleportation {unknown}
 j - 2 scrolls of random uselessness {unknown}
 n - 3 scrolls of enchant armour {unknown}
 q - 2 scrolls of remove curse {unknown}
 r - a scroll of immolation {unknown}
 t - a scroll of magic mapping {unknown}
 v - a scroll of amnesia {unknown}
 C - a scroll of fear {unknown}
 D - a scroll of noise {unknown}
Potions
 c - 3 potions of might
 g - 3 potions of curing
 l - a potion of heal wounds {unknown}
 p - a potion of brilliance {unknown}
 s - 2 potions of lignification {unknown}
 u - a potion of agility {unknown}
 z - a potion of haste {unknown}
Comestibles
 d - 9 rations


   Skills:
 + Level 4.5 Fighting
 + Level 6.4 Polearms
 + Level 4.1 Dodging
 - Level 4.3 Stealth
 * Level 5.9 Shields
 + Level 0.2 Evocations


You had 7 spell levels left.
You didn't know any spells.
Your spell library contained the following spells:

 Spells                   Type           Power        Failure   Level  Hunger
 Apportation              Tloc           #.....       36%         1    ##.....
 Summon Small Mammal      Summ           #...         36%         1    ##.....
 Animate Skeleton         Necr           N/A          36%         1    ##.....
 Confusing Touch          Hex            #.....       36%         1    ##.....


Dungeon Overview and Level Annotations

Branches:
Dungeon (6/15)             Temple (1/1) D:4

Altars:
Ashenzari
Cheibriados
Elyvilon
Fedhas
Gozag
Hepliaklqana
Makhleb
Nemelex Xobeh
Okawaru
Qazlal
Sif Muna
Trog
Uskayaw
Vehumet
Wu Jian
Xom
The Shining One

Annotations:
D:2 exclusion: ogre
D:3 Sigmund
D:4 Natasha


Innate Abilities, Weirdness & Mutations

You cannot wear most types of armour.
You are very stealthy in the water. (Stealth+)
You are amphibious.
You can wear up to eight rings at the same time.
You can use your tentacles to constrict eight enemies at once.
Your skin changes colour to match your surroundings (Stealth+).
Your rubbery body absorbs attacks. (AC +1, EV +1)


Message History

The sky beast flickers out of sight!
Deactivating autopickup; reactivate with Ctrl-A.
Something hits you. Something shocks you.
You are too injured to fight recklessly!
You miss something. Something hits you. Something shocks you.
* * * LOW HITPOINT WARNING * * *
You closely miss something. You squeeze something!
Something hits you but does no damage.
You closely miss something. Something hits you.
* * * LOW HITPOINT WARNING * * *
Something shocks you.
* * * LOW HITPOINT WARNING * * *
It was a potion of curing.
You feel better. Something hits you.
* * * LOW HITPOINT WARNING * * *
Something shocks you.
* * * LOW HITPOINT WARNING * * *
You feel better. Something hits you.
* * * LOW HITPOINT WARNING * * *
Something shocks you.
You die...

#.# ##..#.##... #.#
##.#.#.####.
#.###....#.# ##
#.......#.#
#.........#
##...<###)#####
#######....# #.†...#
##........#.###)###.#
#..{@..##.#.....###.#
#..###.......(...##.#
#. ####.#.#........ #
#.#..........
#.###........ #.#
##....... #.#
####.... #.#.# ...#.#


There were no monsters in sight!

Vanquished Creatures
  Edmund (D:6)
  2 phantoms
  2 ogres
  A scorpion (D:5)
  6 hounds
  An orc priest (D:3)
  6 orc wizards
  An iguana (D:5)
  Terence (D:3)
  2 worker ants
  A hound skeleton (D:5)
  A worker ant zombie (D:5)
  7 adders
  A shadow imp (D:6)
  2 adder skeletons
  2 worms (D:2)
  A leopard gecko (D:2)
  26 orcs
  4 giant cockroaches
  5 goblins
  2 hobgoblins
  7 jackals
  3 quokkas
  2 ball pythons
  7 bats
  2 frilled lizards
  3 kobolds
  9 rats
108 creatures vanquished.

Notes
Turn   | Place    | Note
-------+----------+-------------------------------------------
     0 | D:1      | Dietz the Octopode Fighter began the quest for the Orb.
     0 | D:1      | Reached XP level 1. HP: 16/16 MP: 1/1
   125 | D:1      | Reached XP level 2. HP: 12/21 MP: 2/2
   549 | D:2      | Found a white marble altar of Elyvilon.
   642 | D:2      | Reached skill level 1 in Stealth
   642 | D:2      | Reached XP level 3. HP: 26/26 MP: 3/3
   764 | D:2      | Found a faded altar of an unknown god.
   809 | D:2      | Reached XP level 4. HP: 17/31 MP: 4/4
  1088 | D:2      | Noticed an ogre
  1624 | D:3      | Noticed Sigmund
  1676 | D:3      | Noticed Terence
  1684 | D:3      | Killed Terence
  1761 | D:3      | Reached XP level 5. HP: 36/36 MP: 5/5
  1922 | D:3      | Reached skill level 3 in Polearms
  2025 | D:3      | Found a shattered altar of Ashenzari.
  2167 | D:3      | Reached XP level 6. HP: 40/42 MP: 6/6
  2965 | D:4      | Noticed Natasha
  3011 | D:4      | Noticed a phantom
  3115 | D:4      | Killed a phantom
  3305 | D:4      | Reached skill level 4 in Polearms
  3305 | D:4      | Reached XP level 7. HP: 39/47 MP: 7/7
  3633 | D:4      | Found a staircase to the Ecumenical Temple.
  3639 | Temple   | Entered the Ecumenical Temple
  3896 | D:5      | Entered Level 5 of the Dungeon
  3900 | D:5      | Reached skill level 5 in Shields
  4003 | D:5      | Found a glowing golden altar of the Shining One.
  4004 | D:5      | Found a stormy altar of Qazlal.
  4004 | D:5      | Found an ornate altar of the Wu Jian Council.
  4006 | D:5      | Found a blossoming altar of Fedhas.
  4280 | D:5      | Reached skill level 5 in Polearms
  4355 | D:5      | Reached XP level 8. HP: 40/54 MP: 8/8
  4513 | D:5      | Found a snail-covered altar of Cheibriados.
  4693 | D:6      | Reached skill level 6 in Polearms
  4724 | D:6      | Noticed Edmund
  4743 | D:6      | Killed Edmund
  4946 | D:6      | HP: 2/54 [something (5)]
  4947 | D:6      | Slain by a sky beast

Vault maps used:
D:1:      lightli_arrival_quake
D:2:      chequers_ecumenical_altar_island, elyvilon_altar_5
D:3:      cheibrodos_ashenzari_chains, uniq_sigmund, uniq_terence
D:4:      minmay_temple_entry_enclosed_plants, uniq_natasha
D:5:      grunt_temple_overflow_open, kennysheep_little_box, first_ration,
          st_stairs_14
D:6:      basic_altar, uniq_duvessa, uniq_edmund
Temple:   minmay_temple_bridge_abc

Skill      XL: |  1  2  3  4  5  6  7  8 |
---------------+-------------------------+-----
Stealth        | 1 3 4 |  4.3
Shields        | 4 5 |  5.9
Polearms       | 3 4 5 6 |  6.4
Fighting       | 4 |  4.5
Dodging        | 4 |  4.1
Evocations     | |  0.2

Action                   |  1- 3 |  4- 6 |  7- 9 || total
-------------------------+-------+-------+-------++-------
Melee: Trident           |    45 |   126 |   142 ||   313
       Constrict         |     7 |    25 |    25 ||    57
       Tentacles         |     6 |    27 |    38 ||    71
Evoke: Wand              |       |       |     3 ||     3
  Use: Potion            |       |       |     2 ||     2
 Stab: Sleeping          |    10 |    11 |     8 ||    29
       Paralysed         |       |       |    17 ||    17
  Eat: Chunk             |       |     6 |     7 ||    13
Armor: Skin              |       |     3 |     4 ||     7
Dodge: Dodged            |     6 |    45 |    45 ||    96
Block: Shield            |     9 |    45 |    38 ||    92
       Buckler           |       |       |    11 ||    11

Table legend:
 A = Spawn XP
 B = Non-spawn XP
 C = Spawn XP percentage of total XP
 D = Spawn monster count
 E = Non-spawn monster count
 F = Spawn count percentage of total count
 G = Total turns spent on level
                    A         B        C        D         E        F      G
               +---------+---------+-------+---------+---------+-------+---------
         Total |       0 |    1694 |   0.0 |       0 |     108 |   0.0 |  4947
               +---------+---------+-------+---------+---------+-------+---------
           D:1 |       0 |      20 |   0.0 |       0 |      14 |   0.0 |   453
           D:2 |       0 |      73 |   0.0 |       0 |      14 |   0.0 |  1107
           D:3 |       0 |     366 |   0.0 |       0 |      35 |   0.0 |  1329
           D:4 |       0 |     300 |   0.0 |       0 |      11 |   0.0 |   871
           D:5 |       0 |     452 |   0.0 |       0 |      22 |   0.0 |   677
           D:6 |       0 |     483 |   0.0 |       0 |      12 |   0.0 |   374
               +---------+---------+-------+---------+---------+-------+---------
